 Dungeon Crawl Stone Soup version 0.32-a0-872-g59262bd (webtiles) character file.

Game seed: 5931240446025899786

21600980 Tanach the Divine Blade (level 27, 339/339 HPs)
             Began as a Demigod Ice Elementalist on Mar 30, 2024.
             Escaped with the Orb
             ... and 15 runes
             ... and 3 gems!
             The game lasted 03:22:57 (71066 turns).

Tanach the Divine Blade (Demigod Ice Elementalist) Turns: 71066, Time: 03:22:58

Health: 339/339    AC: 32    Str:  4 (8)  XL:     27
Magic:  56/56      EV: 60    Int: 21      God:
Gold:   4095       SH:  0    Dex: 52      Spells: 46/71 levels left

rFire   + + +        C - +9 triple sword (flame)
rCold   + + +        (shield currently unavailable)
rNeg    + + .        n - melded +3 troll leather armour
rPois   ∞            Q - +1 helmet of the Summoning Gods {rN+ Regen+ Int+3}
rElec   +            G - +2 cloak {rCorr}
rCorr   +            c - melded +2 pair of gloves
SInv    .            l - melded +2 pair of boots
Will    +++..        Z - amulet of Vitality {Regen++ RegenMP++}
Stlth   ++           v - ring "Cikoxut" {^Drain Fly rF++ rC+ Will+}
HPRegen 3.16/turn    B - ring of Jeups {Fly rF+ rC+ Int-2 Dex+2}
MPRegen 1.15/turn

%: no passive effects
@: statue-form, flying, studying 4 skills, very slow
A: slow and powerful, torment resistance 1, boosted hp, high MP 1, forlorn,
divine attributes, (iridescent scales 1), agile 1, cold resistance 1,
deterioration 1, mutation resistance 1, screaming 1, inability to read after
injury 2
0: Orb of Zot
}: 15/15 runes: serpentine, barnacled, slimy, silver, golden, iron, obsidian,
icy, bone, abyssal, demonic, glowing, magical, fiery, dark
a: Begin Untransformation


You escaped.
You were a living statue of rough stone.
You visited 17 branches of the dungeon, and saw 85 of its levels.
You visited Pandemonium 1 time, and saw 15 of its levels.
You visited the Abyss 3 times.
You visited 1 bazaar.
You also visited: Trove and Ice Cave.

You collected 12753 gold pieces.
You spent 8658 gold pieces at shops.

Inventory:

Hand Weapons
 C - a +9 triple sword of flaming (weapon)
Missiles
 J - 7 throwing nets {!f}
Armour
 c - a +2 pair of gloves (melded)
 l - a +2 pair of boots (melded)
 n - a +3 troll leather armour (melded)
 G - a +2 cloak of preservation (worn)
 Q - the +1 helmet of the Summoning Gods (worn) {rN+ Regen+ Int+3}
   (You found it on level 5 of the Vaults)

   Int+3:     It affects your intelligence (+3).
   rN+:       It protects you from negative energy.
   Regen+:    It increases your rate of health regeneration.
 S - a scarf of resistance
Jewellery
 f - a ring of positive energy
 k - the ring "Muiruism" {^Drain rF+ Int+4 Dex+2 Slay+4}
   (You found it in a treasure trove)

   [ring of slaying]

   Int+4:     It affects your intelligence (+4).
   Dex+2:     It affects your dexterity (+2).
   Slay+4:    It affects your accuracy & damage with ranged weapons and melee
   (+4).
   rF+:       It protects you from fire.
   ^Drain:    It drains your maximum health when unequipped.
 v - the ring "Cikoxut" (left fist) {^Drain Fly rF++ rC+ Will+}
   (You bought it in a shop on level 2 of the Depths)

   [ring of willpower]

   rF++:      It greatly protects you from fire.
   rC+:       It protects you from cold.
   Will+:     It increases your willpower.
   Fly:       It grants you flight.
   ^Drain:    It drains your maximum health when unequipped.
 B - the ring of Jeups (right fist) {Fly rF+ rC+ Int-2 Dex+2}
   (You took it off a deep elf demonologist on level 3 of the Elven Halls)

   [ring of flight]

   Int-2:     It affects your intelligence (-2).
   Dex+2:     It affects your dexterity (+2).
   rF+:       It protects you from fire.
   rC+:       It protects you from cold.
   Fly:       It grants you flight.
 E - a ring of protection from fire
 K - a ring of positive energy
 R - a ring of resist corrosion
 Z - the amulet of Vitality (around neck) {Regen++ RegenMP++}
   (You found it on level 5 of the Pits of Slime)

   [amulet of nothing]

   Regen++:   It increases your rate of health regeneration.
   RegenMP++: It increases your rate of magic regeneration.
Talismans
 g - a granite talisman (active)
Wands
 t - a wand of roots (57)
 y - a wand of quicksilver (29)
 U - a wand of digging (19)
Scrolls
 a - 4 scrolls of poison
 d - a scroll of revelation
 m - 11 scrolls of vulnerability
 o - a scroll of blinking
 p - 7 scrolls of immolation
 q - 5 scrolls of fog
 w - 17 scrolls of teleportation
 A - 6 scrolls of enchant weapon
 L - 5 scrolls of enchant armour
 O - a scroll of torment
 P - 5 scrolls of silence
 T - 4 scrolls of fear
 V - 5 scrolls of amnesia
 Y - 3 scrolls of summoning
Potions
 b - 2 potions of magic
 h - 13 potions of attraction
 i - 4 potions of ambrosia
 r - 3 potions of haste
 s - 13 potions of curing
 u - 3 potions of enlightenment
 z - 5 potions of might
 D - 12 potions of heal wounds
 H - 10 potions of mutation
 I - 6 potions of resistance
 M - 11 potions of lignification
 N - 6 potions of invisibility
 X - 4 potions of brilliance
Miscellaneous
 e - a phial of floods
 j - a sack of spiders
 x - a tin of tremorstones (2/2)
 F - a phantom mirror
 W - a lightning rod (4/4)


   Skills:
 + Level 24.3 Fighting
 + Level 25.6 Long Blades
 - Level 2.0 Throwing
 - Level 3.0 Armour
 + Level 24.3 Dodging
 - Level 9.0 Stealth
 - Level 5.0 Shields
 + Level 22.5 Spellcasting
 - Level 16.0 Translocations
 - Level 10.0 Ice Magic
 - Level 9.0 Air Magic
 - Level 10.0 Evocations
 - Level 16.0 Shapeshifting


You had 46 spell levels left.
You knew the following spells:

 Your Spells              Type           Power      Damage    Failure   Level
a - Freeze                Ice            100%       1d10      1%          1
b - Frozen Ramparts       Ice            100%       1d16      1%          3
c - Ozocubu's Armour      Ice            60%        N/A       1%          3
d - Vhi's Electric Charg  Tloc/Air       100%       N/A       1%          4
e - Blink                 Tloc           100%       N/A       0%          2
f - Lesser Beckoning      Tloc           100%       N/A       0%          2
g - Manifold Assault      Tloc           37%        N/A       2%          7
h - Apportation           Tloc           100%       N/A       0%          1
i - Sublimation of Blood  Necr           23%        N/A       2%          2

Your spell library contained the following spells:

 Spells                   Type           Power      Damage    Failure   Level
 Kiss of Death            Conj/Necr      92%        2d12      1%          1
 Magic Dart               Conj           92%        1d7       1%          1
 Necrotise                Necr           92%        1d8       1%          1
 Sandblast                Erth           46%        2d11      1%          1
 Shock                    Conj/Air       100%       1d9       1%          1
 Slow                     Hex            92%        N/A       1%          1
 Sting                    Conj/Alch      92%        1d8       1%          1
 Summon Small Mammal      Summ           92%        N/A       1%          1
 Cigotuvi's Dreadful Rot  Necr/Alch/Air  72%        N/A       1%          2
 Ensorcelled Hibernation  Hex/Ice        88%        N/A       1%          2
 Mercury Vapours          Alch/Air       84%        N/A       1%          2
 Momentum Strike          Conj/Tloc      100%       3d10      1%          2
 Hailstorm                Conj/Ice       44%        3d9       1%          3
 Mephitic Cloud           Conj/Alch/Air  36%        N/A       1%          3
 Summon Ice Beast         Ice/Summ       44%        N/A       1%          3
 Swiftness                Air            57%        N/A       1%          3
 Volatile Blastmotes      Fire/Tloc      100%       2d18      1%          3
 Dimensional Bullseye     Hex/Tloc       27%        N/A       1%          4
 Iskenderun's Mystic Bla  Conj/Tloc      55%        2d12      (+2d61%     4
 Passage of Golubria      Tloc           74%        N/A       1%          4
 Summon Forest            Summ/Tloc      27%        N/A       1%          5
 Dispersal                Tloc           37%        N/A       1%          6
 Call Imp                 Summ           46%        N/A       2%          2
 Jinxbite                 Hex            46%        N/A       2%          2
 Scorch                   Fire           46%        2d6       2%          2
 Searing Ray              Conj           46%        2d6       2%          2
 Summon Lightning Spire   Summ/Air       42%        N/A       2%          4
 Call Canine Familiar     Summ           23%        N/A       5%          3
 Confusing Touch          Hex            23%        N/A       5%          3
 Dazzling Flash           Conj/Hex       46%        N/A       5%          3
 Fugue of the Fallen      Necr           23%        N/A       5%          3
 Passwall                 Erth           23%        N/A       5%          3
 Sigil of Binding         Hex            23%        N/A       5%          3
 Stone Arrow              Conj/Erth      46%        3d9       5%          3
 Tukima's Dance           Hex            23%        N/A       5%          3
 Vampiric Draining        Necr           23%        2d7       5%          3
 Metabolic Englaciation   Hex/Ice        22%        N/A       6%          5
 Arcjolt                  Conj/Air       21%        1d31      8%          5
 Disjunction              Tloc           37%        N/A       17%         8
 Anguish                  Hex/Necr       11%        N/A       19%         4
 Animate Armour           Summ/Erth      46%        N/A       19%         4
 Animate Dead             Necr           23%        N/A       19%         4
 Brom's Barrelling Bould  Conj/Erth      23%        2d4       19%         4
 Cause Fear               Hex            11%        N/A       19%         4
 Dispel Undead            Necr           23%        3d12      19%         4
 Flame Wave               Conj/Fire      23%        2d8       19%         4
 Fulminant Prism          Conj/Alch      11%        3d8       19%         4
 Leda's Liquefaction      Alch/Erth      11%        N/A       19%         4
 Martyr's Knell           Necr/Summ      23%        N/A       19%         4
 Olgreb's Toxic Radiance  Alch           23%        N/A       19%         4
 Petrify                  Alch/Erth      23%        N/A       19%         4
 Summon Blazeheart Golem  Fire/Summ      23%        N/A       19%         4
 Ozocubu's Refrigeration  Ice            30%        4d14      26%         7
 Permafrost Eruption      Ice/Erth       22%        2x4d6     34%         6
 Sculpt Simulacrum        Ice/Alch       22%        N/A       34%         6
 Conjure Ball Lightning   Conj/Air       21%        3x3d6     41%         6
 Plasma Beam              Fire/Air       21%        2x1d33    41%         6
 Alistair's Intoxication  Alch           15%        N/A       45%         5
 Borgnjor's Vile Clutch   Necr/Erth      11%        N/A       45%         5
 Curse of Agony           Necr           23%        N/A       45%         5
 Fireball                 Conj/Fire      11%        3d7       45%         5
 Iskenderun's Battlesphe  Conj           23%        2d8       45%         5
 Summon Mana Viper        Hex/Summ       23%        N/A       45%         5
 Yara's Violent Unravell  Hex/Alch       11%        3d6       45%         5
 Death Channel            Necr           11%        N/A       95%         6
 Eringya's Noxious Bog    Alch           11%        4d6       95%         6
 Starburst                Conj/Fire      11%        6d5       95%         6
 Summon Cactus Giant      Summ           11%        N/A       95%         6
 Maxwell's Capacitive Co  Air            28%        ∞         96%         8
 Enfeeble                 Hex            11%        N/A       100%        7
 Haunt                    Necr/Summ      11%        N/A       100%        7
 Monstrous Menagerie      Summ           11%        N/A       100%        7
 Orb of Destruction       Conj           11%        9d6       100%        7
 Summon Hydra             Summ           11%        N/A       100%        7
 Borgnjor's Revivificati  Necr           11%        N/A       100%        8
 Discord                  Hex            11%        N/A       100%        8
 Infestation              Necr           11%        N/A       100%        8
 Lehudib's Crystal Spear  Conj/Erth      11%        10d4      100%        8
 Death's Door             Necr           11%        N/A       100%        9
 Dragon's Call            Summ           11%        N/A       100%        9
 Polar Vortex             Ice            30%        12d4*     100%        9
 Shatter                  Erth           11%        3d12*     100%        9


Dungeon Overview and Level Annotations

Branches:
Dungeon (15/15)            Temple (0/1) D:7            Lair (5/5) D:11
 Shoals (4/4) Lair:2        Snake (4/4) Lair:3        Slime (5/5) Lair:4
    Orc (2/2) D:11            Elf (3/3) Orc:2        Vaults (5/5) D:13
  Crypt (3/3) Vaults:3       Tomb (3/3) Crypt:3      Depths (4/4) D:15
   Hell (visited)             Dis (7/7) Hell            Geh (7/7) Hell
    Coc (7/7) Hell            Tar (7/7) Hell            Zot (5/5) Depths:4
  IceCv (visited)

Shops:
D:2 (   D:5 *   D:6 *   D:7 ([::   D:8 *   Orc:2 [((=   Elf:3 *(   Shoals:3 !
Snake:1 [(=   Vaults:2 [   Vaults:3 ((   Vaults:5 *   Depths:1 :[=   Depths:2 *
Depths:4 :==

Portals:
Hell: Depths:1 Depths:2 Depths:3 Depths:4
Abyss: D:6 Depths:3 Depths:4
Pandemonium: Depths:2
Ziggurat: Depths:3

Annotations:
D:10 exclusion: downstairs
D:14 1 runed translucent door, NahIdwin's ghost, journeyman OpSh
Lair:3 exclusion: oklob plant
Shoals:1 exclusion: 2 oklob plants
Shoals:3 exclusion: 2 downstairs
Shoals:4 Bai Suzhen


Innate Abilities, Weirdness & Mutations

You are a living statue of rough stone.
Your actions are slow, but your melee attacks are powerful.
You are resistant to unholy torment.
Your maximum health is greatly increased.
Your equipment is partially melded.
You are immune to poison.
You have an increased reservoir of magic. (+10% MP)
You shall have no god before yourself.
Your divine heritage dramatically boosts your attributes as you level up.
((You are partially covered in iridescent scales. (AC +2)))
You are agile. (Dex +4, Str/Int -1)
Your flesh is cold resistant. (rC+)
Your body sometimes deteriorates upon taking damage.
You are somewhat resistant to further mutation.
You occasionally shout uncontrollably at your foes.
You sometimes lose the ability to read scrolls when taking damage.


Message History

There is a stone staircase leading down here.
There is a stone staircase leading up here.
You fly upwards.
There is a stone staircase leading down here.
You see here a +0 club.
There is an open door here.
An efreet comes into view.
It is wielding a +1 scimitar of flaming.
Casting: Manifold Assault (mildly dangerous; 2% risk of failure)
Confirm with . or Enter, or press ? or * to list all spells.
Space momentarily warps into an impossible shape!
You open the efreet like a pillowcase!!!!
You kill the efreet!
There is a stone staircase leading up here.
You fly upwards.
There is a stone staircase leading down here.
You see here a +0 shortbow.
An Orb Guardian comes into view.
The Orb Guardian moves out of view.
There is an open door here.
There is an open door here.
Aiming: Dig
Press: ? - help, Shift-Dir - straight line This square is covered in magical glow.
The rock shatters into small pieces.
The Orb Guardian attacks as it pursues you!
The Orb Guardian completely misses you. x2
Casting: Manifold Assault (mildly dangerous; 2% risk of failure)
Confirm with . or Enter, or press ? or * to list all spells.
Space momentarily warps into an impossible shape!
You carve the Orb Guardian like a ham!!!!
You burn the Orb Guardian!
You kill the Orb Guardian!
Casting: Manifold Assault (mildly dangerous; 2% risk of failure)
Confirm with . or Enter, or press ? or * to list all spells.
You don't know that spell.
Unknown command.
You reach down and open the door.
There is an open door here.
There is a staircase leading out of the dungeon here.
You have escaped!

#.#.....#.............#.###.##
#.#.#####.###########.#.# #.#
#.#.# #..#.......#..#.###.#
#...# #.#.#######.#.#.#...###
###.# #.##.......##.#...#...#
#.# #.#.###'###.#.###.#...#
#.### #.#.#.....#.#.# #.#...##
#...###.#.#.....#.#.###.#.####
###.'.'.#.+..I..'...'.'..÷####
#####.#.#.....#.#.###...#...
#.#.#.....#.#.# #.(.#...
#.#.###+###.#.# #.###...
#.##.......##.# #.).....
#.#.#######.#.# ####....
#..#.......#..# ##>.X
#.###########.##########
#.............#.........


There were no monsters in sight!

Vanquished Creatures
  Cerebov (Pan)
  Asmodeus (Geh:7)
  the Royal Jelly (Slime:5)
  Ereshkigal (Tar:7)
  Gloorx Vloq (Pan)
  8 pandemonium lords
  Mnoleg (Pan)
  the Serpent of Hell (Tar:7)
  Lom Lobon (Pan)
  4 dread liches
  Dispater (Dis:7)
  Mennas (Crypt:3)
  12 orbs of fire
  2 ancient liches (Zot:5)
  A juggernaut (Dis:7)
  13 royal mummies
  Sojobo (Vaults:3)
  4 Killer Klowns
  7 shard shrikes
  18 caustic shrikes
  A curse toe (Zot:3)
  12 golden dragons
  Vashnia (Snake:3)
  3 profane servitors
  Geryon (Hell)
  13 bone dragons
  Norris (Elf:3)
  the Enchantress (Depths:3)
  6 doom hounds
  7 Brimstone Fiends
  5 electric golems
  2 iron giants
  14 Tzitzimimeh
  Rupert (Snake:1)
  19 tentacled monstrosities
  25 Ice Fiends
  11 Hell Sentinels
  A walking crystal tome (Depths:2)
  7 hellephants
  8 liches
  7 tainted leviathans
  2 deep elf blademasters (Elf:3)
  29 Orb Guardians
  A walking earthen tome (Depths:3)
  3 deep elf master archers (Elf:3)
  Asterion (Snake:3)
  4 quicksilver dragons
  12 sphinxes
  A walking divine tome (Depths:4)
  A kraken (Abyss:4)
  9 searing wretches
  25 ancient champions
  13 titans
  21 Executioners
  Murray (Hell)
  9 death cobs
  14 acid blobs
  2 tentacled starspawn
  Kirke (Lair:5)
  7 shadow dragons
  11 tengu reavers
  4 draconian knights
  18 storm dragons
  Aizul (Snake:4)
  7 azure jellies
  A fenstrider witch (Pan)
  5 rockslimes (Slime:5)
  A revenant (Tomb:3)
  Ilsuiw (Shoals:2)
  9 protean progenitors
  Donald (Shoals:4)
  16 fire giants
  10 narguns
  A daeva (Shoals:4)
  4 draconian monks
  3 demonspawn warmongers (Pan)
  3 nagarajas
  3 ghost moths
  30 balrugs
  2 iron dragons (Hell)
  13 vault wardens
  Louise (Snake:3)
  5 deep elf elementalists (Elf:3)
  3 draconian scorchers
  5 quicksilver elementals
  10 shard shrike simulacra
  2 spectral caustic shrikes (Tar:4)
  6 draconian shifters
  2 juggernaut zombies
  A draconian stormcaller (Depths:4)
  11 frost giants
  11 deep elf sorcerers
  A draconian annihilator (Zot:2)
  3 spriggan defenders (Depths:3)
  15 reapers
  4 curse skulls
  10 cacodemons
  A ghoul (Crypt:1)
  A spectral juggernaut (Tar:1)
  8 quicksilver oozes (Slime:5)
  3 formless jellyfish
  22 ironbound preservers
  2 starflowers (Abyss:4)
  4 juggernaut skeletons (Pan)
  9 demonspawn blood saints (Pan)
  22 very ugly things
  6 demonspawn corrupters (Pan)
  2 caustic shrike skeletons (Pan)
  11 ironbound thunderhulks
  7 putrid mouths
  5 deep elf death magi
  An orc warlord (Vaults:4)
  14 stone giants
  9 vampire knights
  Nessos (D:14)
  6 green draconians
  9 deep elf annihilators
  7 demonspawn black suns (Pan)
  8 lorocyprocas
  8 bennus (Tomb:3)
  7 deep elf demonologists (Elf:3)
  20 elemental wellsprings
  17 wendigos
  7 white draconians
  12 dire elephants
  8 starcursed masses
  18 war gargoyles
  6 red draconians
  4 yellow draconians
  10 purple draconians
  13 spark wasps
  8 black draconians
  5 eidola
  8 iron golems
  Snorg (Lair:4)
  9 fire dragons
  22 mummy priests
  7 blizzard demons
  An entropy weaver (Vaults:3)
  11 green deaths
  18 jiangshi
  14 ettins
  11 merfolk impalers
  A shambling mangrove (Abyss:4)
  Josephine (Lair:4)
  4 merfolk javelineers (Shoals:4)
  A spectral spriggan (Tar:7)
  A spriggan zombie (Crypt:1)
  A fenstrider witch zombie (Crypt:1)
  5 yaktaur captains
  6 deep elf high priests
  9 rakshasas
  19 ice dragons
  11 great orbs of eyes
  9 salamander tyrants
  2 ogre magi
  2 peacekeepers
  10 hydras
  Harold (D:10)
  A sphinx zombie (Hell)
  36 vault guards
  2 catoblepae
  6 hell beasts
  11 ironbound frosthearts
  10 caustic shrike simulacra
  2 ghost crabs (Abyss:4)
  An alligator snapping turtle (Shoals:3)
  5 jorogumos (Pan)
  12 anacondas
  3 merfolk avatars
  7 spriggan air magi
  9 merfolk aquamancers
  3 death knights
  4 spriggan skeletons
  7 juggernaut simulacra
  9 two-headed ogres
  An alligator (Zot:4)
  7 centaur warriors
  40 dancing weapons
  6 boulder beetles
  7 deep troll shamans
  3 stokers
  3 satyrs
  10 death scarabs
  9 death yaks
  4 tengu warriors
  2 demonic crawlers
  A holy swine (Shoals:4)
  13 naga warriors
  33 hell hogs
  A titan zombie (Hell)
  12 deep troll earth magi
  3 shock serpents
  A spriggan berserker (Depths:2)
  7 vampire magi
  11 naga sharpshooters
  Urug (Orc:2)
  A thrashing horror (Abyss:2)
  22 soul eaters
  A shock serpent (shapeshifter) (Vaults:5)
  46 sun demons
  3 spectral emperor scorpions (Pan)
  A spectral dire elephant (Tar:4)
  4 orc high priests
  18 shadow wraiths
  7 hell knights
  22 deep elf knights
  13 iron trolls
  29 skeletal warriors
  5 crystal echidnas
  Nergalle (D:12)
  2 fire crabs (Abyss:4)
  5 skysharks
  5 salamander mystics
  11 sixfirhies
  A hellephant skeleton (Pan)
  A deep troll (shapeshifter) (Elf:1)
  A golden dragon zombie (Crypt:3)
  2 quicksilver dragon simulacra (Coc:7)
  An anaconda zombie (Crypt:2)
  8 mana vipers
  A sea snake (shapeshifter) (Elf:1)
  7 spriggan simulacra
  An orange crystal statue (IceCv)
  3 cherubim (Shoals:4)
  67 deep trolls
  9 flayed ghosts
  6 naga ritualists
  7 arcanists
  A glowing orange brain (shapeshifter) (Depths:2)
  12 sea snakes
  Lodul (D:11)
  5 glowing orange brains
  2 anaconda skeletons
  4 thermic dynamos
  5 lindwurms
  2 shadow demons
  4 sun moths (Pan)
  21 harpies
  12 deep elf archers
  2 tengu zombies
  A shadow dragon zombie (Crypt:1)
  22 ironbound convokers
  6 necromancers
  2 steelbarb worms (shapeshifter)
  16 phantasmal warriors
  4 stone giant zombies
  An obsidian bat (Orc:1)
  26 deep elf pyromancers
  A shining eye (Slime:5)
  A frost giant zombie (Hell)
  3 orc sorcerers (Orc:2)
  37 ugly things
  29 deep elf zephyrmancers
  A fire giant zombie (Hell)
  A cyclops (shapeshifter) (Vaults:5)
  Pikel (D:5)
  A draconian zombie (Crypt:1)
  A goliath frog zombie (Crypt:1)
  An oklob plant (Lair:4)
  A wolf spider (shapeshifter) (Vaults:5)
  4 orc knights
  A spectral alligator snapping turtle (Tar:1)
  16 cyclopes
  A manticore (shapeshifter) (Elf:1)
  A wolf spider (Vaults:5)
  20 moths of wrath
  2 worldbinders
  13 manticores
  A faun (shapeshifter) (Depths:3)
  24 salamanders
  11 elephants
  A meliai (D:13)
  12 merfolk sirens
  A toenail golem (Depths:1)
  28 black mambas
  7 fauns (Shoals:2)
  8 rust devils
  A frost giant skeleton (Crypt:3)
  A stone giant skeleton (Vaults:5)
  3 apocalypse crabs
  A guardian serpent (shapeshifter) (Elf:1)
  11 naga magi
  6 kobold blastminers (Orc:2)
  2 naga zombies (Crypt:1)
  3 water nymphs (Shoals:4)
  2 eyes of devastation
  An eleionoma skeleton (Crypt:2)
  8 guardian serpents
  2 titan simulacra (Coc:7)
  8 ice statues (Coc:4)
  17 smoke demons
  2 torpor snails (shapeshifter)
  A dire elephant zombie (Crypt:2)
  16 vault sentinels
  8 orange demons
  10 molten gargoyles
  12 cane toads
  A centaur skeleton (Crypt:1)
  An unseen horror (D:12)
  16 hellions
  2 kobold demonologists (D:12)
  A storm dragon simulacrum (Crypt:2)
  3 bunyip simulacra (Coc:2)
  A naga skeleton (Crypt:2)
  11 rime drakes
  15 large abominations
  2 tengu conjurers
  10 komodo dragons
  A komodo dragon (shapeshifter) (Elf:1)
  5 anaconda simulacra
  5 efreet
  2 grey draconian skeletons
  10 yaktaurs
  Psyche (D:8)
  15 tormentors
  8 freezing wraiths
  54 guardian mummies
  2 ice devils
  2 trolls (shapeshifter)
  An iron giant simulacrum (Coc:7)
  11 hellwings
  2 harpy zombies
  6 red devils
  2 spectral nagas
  2 silent spectres
  2 spectral harpies (Tar:4)
  An alligator simulacrum (Coc:2)
  20 polar bears
  A hornet (shapeshifter) (Elf:1)
  7 hornets
  2 death drake skeletons
  2 polar bears (shapeshifter)
  9 wind drakes
  7 trolls
  18 dream sheep
  28 merfolk
  2 raiju
  A spectral swamp dragon (Tar:1)
  4 harpy skeletons
  4 glass eyes
  A tarantella (Vaults:3)
  4 blink frogs (Lair:5)
  6 snapping turtles
  4 ettin zombies
  An iron dragon simulacrum (Coc:5)
  50 slime creatures
  A tarantella zombie (Crypt:1)
  A fire giant simulacrum (Vaults:5)
  A stone giant simulacrum (Coc:3)
  3 centaur simulacra
  5 naga simulacra
  4 small abominations
  A guardian serpent skeleton (Crypt:2)
  6 spriggans
  2 fire dragon skeletons (Crypt:3)
  4 air elementals
  17 ushabtiu
  20 water elementals
  A black mamba zombie (Tomb:3)
  2 spectral black mambas (Tar:1)
  8 wraiths
  36 yaks
  6 dire elephant simulacra
  10 vampires
  7 ynoxinuls (Pan)
  Eustachio (D:5)
  6 wyverns
  2 alligator snapping turtle simulacra
  3 basilisks
  5 wargs
  5 fire elementals
  2 steam dragons
  6 neqoxecs
  2 golden eyes (Slime:5)
  2 humans (D:13)
  3 redbacks
  14 chaos spawn (Pan)
  36 nagas
  17 harpy simulacra
  A glowing shapeshifter zombie (Hell)
  3 acid dragons
  22 hell hounds
  13 water moccasins
  6 hydra simulacra
  A swamp drake (Lair:2)
  A demonspawn skeleton (Crypt:3)
  A sky beast (shapeshifter) (D:15)
  2 ice beasts
  15 black bears
  6 ettin simulacra
  18 orc warriors
  2 sky beasts (D:6)
  A black bear (shapeshifter) (Elf:1)
  18 ogres
  16 laughing skulls
  A torpor snail zombie (Crypt:1)
  4 boggarts (Vaults:1)
  27 wolves
  A snapping turtle skeleton (Crypt:3)
  7 centaurs
  An elephant skeleton (Crypt:1)
  A hog skeleton (Crypt:1)
  4 lemures (D:5)
  A manticore skeleton (Crypt:2)
  3 phantoms
  A vine stalker zombie (Crypt:2)
  2 kobold brigands
  2 brain worms
  11 bullfrogs
  4 gnoll sergeants
  A scorpion (D:7)
  2 human skeletons
  4 earth elementals
  3 wights (D:8)
  9 killer bees (D:8)
  5 electric eels
  10 howler monkeys
  2 lava snakes (Lair:3)
  A bombardier beetle (D:6)
  A quasit (Abyss:2)
  7 hounds
  28 orc priests
  A jelly (D:7)
  A gnoll bouda (D:9)
  3 sleepcaps
  24 orc wizards
  8 iguanas
  7 hell rats (Hell)
  A crocodile skeleton (Crypt:2)
  A hound skeleton (Crypt:2)
  52 mummies
  11 adders
  20 gnolls
  A shadow imp (D:7)
  4 white imps
  4 ufetubi
  4 dart slugs
  2 ribbon worms (D:2)
  48 orcs
  8 ball pythons
  11 endoplasms
  10 giant cockroaches (D:3)
  6 goblins
  6 hobgoblins (D:1)
  7 jackals (D:1)
  6 quokkas
  2 bats (D:1)
  6 frilled lizards
  16 kobolds
  3 rats
  A river rat skeleton (Crypt:1)
  11 aspiring fleshes
  8 ball lightnings (Pan)
  3 creeping infernos
  3 lurking horrors (D:6)
  2 starspawn tentacles (Abyss:2)
  A tentacle (Abyss:4)
3385 creatures vanquished.

Vanquished Creatures (collateral kills)
  Antaeus (Coc:7)
  A storm dragon (Pan)
  An aspiring flesh (Pan)
3 creatures vanquished.

Vanquished Creatures (others)
  A fire giant (Vaults:5)
  A shard shrike simulacrum (Coc:7)
  A deep elf elementalist (Elf:3)
  2 elemental wellsprings
  2 juggernaut simulacra
  A caustic shrike simulacrum (Coc:5)
  A peacekeeper (Vaults:4)
  A rakshasa (Pan)
  A merfolk aquamancer (Shoals:4)
  A naga sharpshooter (Snake:4)
  A deep elf knight (Elf:2)
  A skyshark (Elf:3)
  3 deep elf zephyrmancers
  A manticore (D:15)
  A merfolk (Shoals:3)
  A blink frog (Lair:5)
  A stone giant simulacrum (Coc:3)
  A dire elephant simulacrum (Coc:6)
  4 humans (Lair:5)
  A harpy simulacrum (Coc:7)
  An ettin simulacrum (Coc:1)
  A ball lightning (Pan)
  2 starspawn tentacles (Abyss:2)
  3 tentacles (Abyss:4)
34 creatures vanquished.

Grand Total: 3422 creatures vanquished

Notes
Turn   | Place    | Note
-------+----------+-------------------------------------------
     0 | D:1      | Tanach the Demigod Ice Elementalist began the quest for the
                  | Orb.
     0 | D:1      | Reached XP level 1. HP: 14/14 MP: 5/5
   193 | D:1      | Reached XP level 2. HP: 10/20 MP: 0/7
   712 | D:1      | Reached XP level 3. HP: 26/26 MP: 5/9
   991 | D:1      | Learned a level 3 spell: Frozen Ramparts
  1170 | D:2      | Reached skill level 1 in Throwing
  1272 | D:2      | Found Fawole's Antique Weapon Shoppe.
  1501 | D:2      | Reached XP level 4. HP: 12/33 MP: 3/11
  1513 | D:2      | Learned a level 3 spell: Ozocubu's Armour
  2268 | D:3      | Reached skill level 1 in Long Blades
  2490 | D:3      | Reached XP level 5. HP: 38/38 MP: 12/12
  3208 | D:4      | Identified the amulet of Hojoggy {Reflect *Corrode rPois
                  | rC+ Dex+3 SH+5}
  3283 | D:4      | Reached skill level 2 in Long Blades
  3283 | D:4      | Reached skill level 5 in Ice Magic
  3596 | D:4      | Reached XP level 6. HP: 20/45 MP: 12/13
  3920 | D:5      | Entered Level 5 of the Dungeon
  4127 | D:5      | Noticed Eustachio
  4137 | D:5      | Killed Eustachio
  4138 | D:5      | Reached XP level 7. HP: 37/50 MP: 14/14
  4359 | D:5      | Noticed Pikel
  4373 | D:5      | Killed Pikel
  4374 | D:5      | Reached XP level 8. HP: 55/58 MP: 13/15
  4764 | D:5      | Found Vyca's General Store.
  4767 | D:5      | Bought a scroll of teleportation for 42 gold pieces
  4767 | D:5      | Bought a scroll of blinking for 105 gold pieces
  4767 | D:5      | Bought a scroll of immolation for 56 gold pieces
  4859 | D:6      | Reached skill level 1 in Fighting
  4859 | D:6      | Reached skill level 1 in Armour
  4859 | D:6      | Reached skill level 1 in Evocations
  5178 | D:6      | Found a one-way gate to the infinite horrors of the Abyss.
  5756 | D:6      | Found Irghemef's Lightly-Used Armoury.
  5815 | D:6      | Noticed a +0 dagger
  5815 | D:6      | Noticed a +0 hand axe
  6043 | D:7      | Noticed a hornet
  6050 | D:7      | Killed a hornet
  6069 | D:7      | Reached XP level 9. HP: 62/67 MP: 16/18
  6220 | D:7      | Found Komiptydd's Book Boutique.
  6413 | D:7      | Found Zoghyic's Book Shop.
  6420 | D:7      | Found a staircase to the Ecumenical Temple.
  6518 | D:7      | Found Jyfy's Antique Armour Shoppe.
  6619 | D:7      | Reached skill level 10 in Ice Magic
  6925 | D:7      | Found Feoloeg's Antique Weapon Emporium.
  7136 | D:8      | Reached skill level 5 in Evocations
  7691 | D:8      | Found Gomafad's General Store.
  7700 | D:8      | Bought a potion of heal wounds for 65 gold pieces
  7820 | D:8      | Noticed Psyche
  7829 | D:8      | Killed Psyche
  7830 | D:8      | Reached skill level 3 in Long Blades
  8599 | D:8      | Bought a scroll of enchant armour for 97 gold pieces
  9010 | D:9      | Reached XP level 10. HP: 70/78 MP: 19/19
  9198 | D:9      | Reached skill level 4 in Long Blades
  9727 | D:10     | Entered Level 10 of the Dungeon
 10043 | D:10     | Noticed a two-headed ogre
 10051 | D:10     | Killed a two-headed ogre
 10546 | D:10     | Noticed Harold
 10564 | D:10     | Killed Harold
 11138 | D:11     | Noticed a boulder beetle
 11200 | D:11     | Noticed a cyclops
 11215 | D:11     | Killed a cyclops
 11294 | D:11     | Killed a boulder beetle
 11295 | D:11     | Reached XP level 11. HP: 82/84 MP: 20/20
 11371 | D:11     | Reached skill level 5 in Long Blades
 11374 | D:11     | Reached skill level 5 in Dodging
 11584 | D:11     | Noticed Lodul
 11778 | D:11     | Noticed a two-headed ogre
 11781 | D:11     | Killed a two-headed ogre
 11786 | D:11     | Killed Lodul
 11787 | D:11     | Reached skill level 5 in Stealth
 11854 | D:11     | Reached skill level 6 in Long Blades
 11966 | D:11     | Found a staircase to the Lair.
 12147 | D:11     | Found a staircase to the Orcish Mines.
 12159 | D:11     | Reached skill level 7 in Long Blades
 12316 | D:12     | Noticed a boulder beetle
 12321 | D:12     | Killed a boulder beetle
 12322 | D:12     | Reached skill level 8 in Long Blades
 12360 | D:12     | Noticed a boulder beetle
 12371 | D:12     | Killed a boulder beetle
 12537 | D:12     | Identified the +7 scimitar "Spiderbane" {venom, Str+5}
 12563 | D:12     | Reached skill level 9 in Long Blades
 12659 | D:12     | Identified the +10 dagger of Wealth {vamp, rF+ Will- Int+5
                  | Stlth+}
 12679 | D:12     | Reached skill level 1 in Shields
 12835 | D:12     | Noticed a two-headed ogre
 12842 | D:12     | Killed a two-headed ogre
 12843 | D:12     | Reached XP level 12. HP: 91/91 MP: 21/21
 12923 | D:12     | Identified the +1 falchion "Beetleslayer" {freeze, Int+3
                  | Dex+4}
 13071 | D:12     | Noticed Nergalle
 13084 | D:12     | Killed Nergalle
 13201 | D:12     | Reached skill level 10 in Long Blades
 13383 | D:13     | Noticed a five-headed hydra
 13403 | D:13     | Killed a five-headed hydra
 13420 | D:13     | Noticed a centaur warrior
 13424 | D:13     | Killed a centaur warrior
 13704 | D:13     | Noticed a boulder beetle
 13705 | D:13     | Noticed a vault guard
 13712 | D:13     | Noticed a vault guard
 13718 | D:13     | Killed a boulder beetle
 13719 | D:13     | Killed a vault guard
 13720 | D:13     | Reached skill level 5 in Fighting
 13722 | D:13     | Killed a vault guard
 13724 | D:13     | Noticed an ironbound frostheart
 13730 | D:13     | Killed an ironbound frostheart
 13826 | D:13     | Noticed a centaur warrior
 13834 | D:13     | Killed a centaur warrior
 14178 | D:13     | Noticed a six-headed hydra
 14185 | D:13     | Killed a six-headed hydra
 14537 | D:13     | Found a gate to the Vaults.
 14771 | D:14     | Noticed an eight-headed hydra
 14771 | D:14     | Noticed a centaur warrior
 14862 | Lair:1   | Entered Level 1 of the Lair of Beasts
 15091 | Lair:1   | Reached skill level 11 in Long Blades
 16087 | Lair:2   | Found a staircase to the Shoals.
 16150 | Lair:2   | Reached XP level 13. HP: 104/104 MP: 22/22
 17684 | Lair:3   | Reached skill level 12 in Long Blades
 17766 | Lair:3   | Found a staircase to the Snake Pit.
 17885 | Lair:3   | You fall into a shaft and drop 2 floors!
 17885 | Lair:5   | Entered Level 5 of the Lair of Beasts
 17924 | Lair:5   | Noticed Kirke
 17949 | Lair:5   | Killed Kirke
 18289 | Lair:5   | Reached skill level 13 in Long Blades
 18354 | Lair:5   | Got an earthy gem with 290 turns to spare
 18725 | Lair:5   | Reached XP level 14. HP: 118/118 MP: 24/24
 19267 | Lair:5   | Reached skill level 14 in Long Blades
 20000 | Lair:4   | Noticed Snorg
 20100 | Lair:4   | Found a staircase to the Slime Pits.
 20586 | Lair:4   | Noticed Josephine
 20590 | Lair:4   | Killed Josephine
 21242 | Orc:1    | Entered Level 1 of the Orcish Mines
 21251 | Orc:1    | Learned a level 4 spell: Vhi's Electric Charge
 21499 | Orc:1    | Reached skill level 5 in Spellcasting
 21711 | Orc:2    | Entered Level 2 of the Orcish Mines
 21743 | Orc:2    | Noticed Urug
 21754 | Orc:2    | Killed Urug
 21800 | Orc:2    | Reached skill level 1 in Translocations
 21831 | Orc:2    | Found a staircase to the Elven Halls.
 22260 | Orc:2    | Reached skill level 1 in Air Magic
 22280 | Orc:2    | Found Emeigo's Distillery.
 22338 | Orc:2    | Bought a potion of heal wounds for 60 gold pieces
 22338 | Orc:2    | Bought a potion of heal wounds for 60 gold pieces
 22338 | Orc:2    | Bought a potion of heal wounds for 60 gold pieces
 22338 | Orc:2    | Bought a potion of invisibility for 96 gold pieces
 22338 | Orc:2    | Bought a potion of haste for 120 gold pieces
 22338 | Orc:2    | Bought a potion of brilliance for 48 gold pieces
 22338 | Orc:2    | Bought a potion of resistance for 120 gold pieces
 22338 | Orc:2    | Bought a potion of might for 48 gold pieces
 22338 | Orc:2    | Bought a potion of lignification for 36 gold pieces
 22338 | Orc:2    | Bought a potion of lignification for 36 gold pieces
 22338 | Orc:2    | Bought a potion of lignification for 36 gold pieces
 22338 | Orc:2    | Bought a potion of curing for 36 gold pieces
 22613 | Orc:2    | Found Hoarphiq's Weapon Boutique.
 22613 | Orc:2    | Found Kuphip Hise's Jewellery Boutique.
 22614 | Orc:2    | Found Taolikec's Antique Weapon Shop.
 22618 | Orc:2    | Found Akhleitonk's Armour Shop.
 22622 | Orc:2    | Bought a +6 ring of dexterity for 360 gold pieces
 22630 | Orc:2    | Bought the +1 troll leather armour of the Echidna {rC+ rN++
                  | Will- Regen+ Dex+2} for 578 gold pieces
 23428 | D:14     | Noticed Nessos
 23436 | D:14     | Killed Nessos
 23717 | D:14     | Found a runed translucent door.
 23894 | D:14     | Noticed NahIdwin's ghost (journeyman OpSh)
 24136 | D:14     | Reached XP level 15. HP: 126/126 MP: 26/26
 24304 | D:14     | Noticed a tengu reaver
 24315 | D:14     | Killed a tengu reaver
 24548 | D:15     | Entered Level 15 of the Dungeon
 24994 | D:15     | Found a staircase to the Depths.
 25156 | D:15     | Reached skill level 5 in Translocations
 25263 | D:15     | Reached skill level 10 in Evocations
 25723 | Snake:1  | Entered Level 1 of the Snake Pit
 25785 | Snake:1  | Reached skill level 15 in Long Blades
 25799 | Snake:1  | Found Xuich's Antique Armour Emporium.
 25804 | Snake:1  | Bought a masterwork kite shield for 437 gold pieces
 25804 | Snake:1  | Identified the +0 kite shield "Aheutin" {-Tele Fly rPois
                  | Int+8} (You bought it in a shop on level 1 of the Snake
                  | Pit)
 25966 | Snake:1  | Found Ilunan's Jewellery Shoppe.
 26111 | Snake:1  | Found Sabi's Antique Weapon Boutique.
 26206 | Snake:1  | Reached skill level 5 in Air Magic
 26427 | Snake:1  | Noticed Rupert
 26435 | Snake:1  | Killed Rupert
 27528 | Snake:2  | Reached skill level 5 in Shields
 28231 | Snake:3  | Reached XP level 16. HP: 131/133 MP: 21/27
 28422 | Snake:3  | Noticed Louise
 28456 | Snake:3  | Killed Louise
 28632 | Snake:3  | Identified the +3 flail of the Illusory Dances {vamp,
                  | +Blink rPois rC- Int+3}
 28650 | Snake:3  | Noticed Asterion
 28656 | Snake:3  | Killed Asterion
 28740 | Snake:3  | Noticed Vashnia
 28756 | Snake:3  | Killed Vashnia
 29534 | Snake:4  | Entered Level 4 of the Snake Pit
 29543 | Snake:4  | Identified the serpent talisman of the Maze {rElec rN+
                  | Dex+5}
 29543 | Snake:4  | Noticed Aizul
 29605 | Snake:4  | Found a glacial archway.
 29609 | IceCv    | Entered an ice cave
 29661 | IceCv    | Reached skill level 16 in Long Blades
 30262 | IceCv    | Reached skill level 10 in Dodging
 30274 | IceCv    | Reached skill level 10 in Fighting
 30573 | Snake:4  | Killed Aizul
 31869 | Snake:4  | Reached XP level 17. HP: 69/143 MP: 24/28
 32165 | Snake:4  | Reached skill level 1 in Shapeshifting
 32185 | Snake:4  | Got a serpentine rune of Zot
 32575 | Shoals:1 | Entered Level 1 of the Shoals
 33604 | Shoals:2 | Reached skill level 17 in Long Blades
 33898 | Shoals:2 | Noticed Ilsuiw
 33971 | Shoals:2 | Killed Ilsuiw
 34139 | Shoals:2 | You fall into a shaft and drop 1 floor!
 34634 | Shoals:3 | Found Sanoq's Distillery.
 34648 | Shoals:3 | Bought a potion of mutation for 120 gold pieces
 34648 | Shoals:3 | Bought a potion of heal wounds for 75 gold pieces
 34648 | Shoals:3 | Bought a potion of heal wounds for 75 gold pieces
 34648 | Shoals:3 | Bought a potion of resistance for 150 gold pieces
 34648 | Shoals:3 | Bought a potion of brilliance for 60 gold pieces
 34648 | Shoals:3 | Bought a potion of magic for 120 gold pieces
 34716 | Shoals:4 | Entered Level 4 of the Shoals
 34951 | Shoals:4 | Reached skill level 5 in Shapeshifting
 35080 | Shoals:4 | Noticed Bai Suzhen
 35421 | Vaults:1 | Entered Level 1 of the Vaults
 35745 | Vaults:1 | Reached XP level 18. HP: 154/154 MP: 23/30
 35763 | Vaults:1 | Found a flickering gateway to a bazaar.
 35769 | Bazaar   | Entered a bazaar
 35795 | Bazaar   | Found Tash's Jewellery Emporium.
 35810 | Bazaar   | Found Celom's General Store.
 35810 | Bazaar   | Found Liewaor's Book Shoppe.
 35832 | Bazaar   | Found Vosusib's Antique Weapon Shoppe.
 35848 | Bazaar   | Found Jishreil's Antique Weapon Shoppe.
 35914 | Bazaar   | Bought a scroll of teleportation for 30 gold pieces
 36526 | D:13     | Gained mutation: You possess an exceptional clarity of
                  | mind. [potion of mutation]
 36526 | D:13     | Gained mutation: You are partially covered in iridescent
                  | scales. (AC +2) [potion of mutation]
 36779 | Elf:1    | Entered Level 1 of the Elven Halls
 37585 | Elf:1    | Reached skill level 10 in Shapeshifting
 38216 | Elf:2    | Paralysed by an air elemental for 1 turns
 38360 | Elf:2    | Found a huge runed translucent gate.
 38360 | Elf:2    | Found a huge runed translucent gate.
 38360 | Elf:2    | Found a huge runed translucent gate.
 38360 | Elf:2    | Found a huge runed translucent gate.
 38360 | Elf:2    | Found a huge runed translucent gate.
 39250 | Elf:3    | Entered Level 3 of the Elven Halls
 39582 | Elf:3    | Found Xoumip's Antique Weapon Boutique.
 39587 | Elf:3    | Found Himitian's Assorted Antiques.
 39663 | Elf:3    | Identified the +2 falchion of Due Proportion {drain, Str+4
                  | SInv Stlth+}
 39895 | Elf:3    | Noticed Norris
 39922 | Elf:3    | Killed Norris
 40662 | Elf:3    | Reached XP level 19. HP: 154/160 MP: 29/31
 40706 | Elf:3    | Identified the ring of Jeups {Fly rF+ rC+ Int-2 Dex+2}
 41082 | Elf:3    | Identified the +0 robe of Vaisy {Harm}
 41170 | Elf:3    | Identified the +9 mace "Goblinslayer" {pain, SInv}
 41471 | Elf:3    | Got the Tome of Necromantic Rituals
 41477 | Elf:3    | Identified the +5 short sword "Juigokh" {freeze, rCorr
                  | Stlth+}
 41492 | Elf:3    | Identified the +4 broad axe of the Mouth {venom, rF++ Int-3
                  | Stlth+}
 41948 | Shoals:4 | Reached skill level 15 in Shapeshifting
 41972 | Shoals:4 | Got the Grimoire of Terrain
 42058 | Shoals:4 | Noticed Donald
 42092 | Shoals:4 | Killed Donald
 42392 | Shoals:4 | Identified the +0 leather armour "Vykkiogay" {Dex+6}
 42416 | Shoals:4 | Got a barnacled rune of Zot
 43393 | Vaults:2 | Learned a level 2 spell: Blink
 43396 | Vaults:2 | Learned a level 2 spell: Lesser Beckoning
 43598 | Vaults:2 | Found Ife Uxteij's Armour Shop.
 43990 | Vaults:2 | Reached XP level 20. HP: 170/170 MP: 32/32
 44128 | Vaults:2 | Found a portal to a secret trove of treasure.
 44776 | D:2      | Bought the +5 glaive of the Guard {elec, spectral} for 1108
                  | gold pieces
 44776 | D:2      | Found the +5 glaive of the Guard {elec, spectral}
 45141 | Vaults:2 | You paid a toll of the glaive of the Guard to enter a
                  | treasure trove
 45142 | Trove    | Entered a treasure trove
 45151 | Trove    | Identified the +0 double sword of the Supporting Traitor
                  | {drain, rElec Will+ Int+6}
 45169 | Trove    | Identified the ring of Balance {Int+6 Dex+2 Slay-5 SInv}
 45178 | Trove    | Identified the ring "Muiruism" {^Drain rF+ Int+4 Dex+2
                  | Slay+4}
 45695 | Vaults:3 | You fall into a shaft and drop 1 floor!
 45951 | Vaults:4 | Reached skill level 10 in Translocations
 46508 | Vaults:3 | Found a staircase to the Crypt.
 46671 | Vaults:3 | Found Jacumput's Weapon Shoppe.
 46698 | Vaults:3 | Found Gonent's Weapon Boutique.
 47094 | Vaults:3 | Noticed Sojobo
 47103 | Vaults:3 | Killed Sojobo
 47410 | D:7      | Bought the Papyrus of Hadjma for 506 gold pieces
 47418 | D:7      | Learned a level 7 spell: Manifold Assault
 48433 | Vaults:5 | Entered Level 5 of the Vaults
 48433 | Vaults:5 | Noticed a golden dragon
 48438 | Vaults:5 | Reached XP level 21. HP: 117/181 MP: 18/35
 48438 | Vaults:5 | Killed a golden dragon
 48525 | Vaults:5 | Noticed a golden dragon
 48526 | Vaults:5 | Noticed a golden dragon
 48533 | Vaults:4 | Killed a golden dragon
 48718 | Vaults:5 | Killed a golden dragon
 49462 | Vaults:5 | Identified the +1 ring mail of the Kettle-Drum {rElec rN+}
 49483 | Vaults:5 | Got Sif Muna's Atlas of the Valley
 49497 | Vaults:5 | Identified the +1 helmet of the Summoning Gods {rN+ Regen+
                  | Int+3}
 49580 | Vaults:5 | Got a silver rune of Zot
 49721 | Vaults:5 | Reached skill level 15 in Translocations
 50053 | Vaults:5 | Found Cyqoeff's General Store.
 50059 | Vaults:5 | Identified the staff of Growth {Str+3 Earth}
 50061 | Vaults:5 | Bought a scroll of revelation for 120 gold pieces
 50066 | Vaults:5 | Identified the staff "Ussy" {rPois Str+3 Int+3 Alchemy}
 50223 | Vaults:5 | Identified the +0 ring mail "Qiral" {rElec Str+2}
 50272 | Vaults:5 | Found the +0 cloak of the Thief {Quiet Slay-3 SInv Stlth+}
 50640 | Depths:1 | Entered Level 1 of the Depths
 50640 | Depths:1 | Found Utita's Jewellery Boutique.
 50704 | Depths:1 | Found a gateway to Hell.
 50875 | Depths:1 | Found Koam's Armour Boutique.
 50936 | Depths:1 | Found Xoner's Book Boutique.
 51213 | Depths:2 | Identified a scroll of acquirement
 51225 | Depths:2 | Acquired 877 gold pieces
 51242 | Depths:2 | Reached skill level 10 in Spellcasting
 51269 | Depths:2 | Reached XP level 22. HP: 189/189 MP: 16/41
 51690 | Depths:2 | Found a one-way gate leading to the halls of Pandemonium.
 52089 | Depths:2 | Found Big Baal Hell's Store.
 52095 | Depths:2 | Bought the ring "Cikoxut" {^Drain Fly rF++ rC+ Will+} for
                  | 3498 gold pieces
 52308 | Depths:3 | Identified the +2 rapier "Acwadwiaga" {heavy, SInv}
 52309 | Depths:3 | Noticed a caustic shrike
 52313 | Depths:3 | Killed a caustic shrike
 52456 | Depths:3 | Found the +8 demon blade "Leech" {evervamp, Harm ^Drain
                  | rN+}
 52459 | Depths:3 | Identified the ring "Coelajom" {Will+ EV+5 Int+6}
 52672 | Depths:3 | Noticed the Enchantress
 52674 | Depths:3 | Killed the Enchantress
 52986 | Orc:2    | Bought an amulet of magic regeneration for 300 gold pieces
 53582 | Depths:3 | Found a one-way gateway to a ziggurat.
 53744 | Depths:4 | Entered Level 4 of the Depths
 53754 | Depths:4 | Learned a level 1 spell: Apportation
 53975 | Depths:4 | Found a gate to the Realm of Zot.
 54181 | Depths:4 | Got the Elucidation of Voltage
 54291 | Depths:4 | Found Wequpenn's Book Shoppe.
 54291 | Depths:4 | Found Aghagudd's Jewellery Shop.
 54292 | Depths:4 | Found Qufezuuh's Jewellery Shop.
 54728 | Zot:1    | Entered Level 1 of the Realm of Zot
 54878 | Zot:1    | Noticed an orb of fire
 54878 | Zot:1    | Lost mutation: You possess an exceptional clarity of mind.
                  | [an orb of fire]
 54879 | Zot:1    | Gained mutation: Potions are less effective at restoring
                  | your health. [an orb of fire]
 54884 | Zot:1    | Gained mutation: You occasionally shout uncontrollably at
                  | your foes. [an orb of fire]
 54887 | Zot:1    | Killed an orb of fire
 54888 | Zot:1    | Reached XP level 23. HP: 97/196 MP: 10/44
 54964 | Zot:1    | Learned a level 2 spell: Sublimation of Blood
 55513 | Zot:2    | Noticed an orb of fire
 55513 | Zot:2    | Noticed a Killer Klown
 55517 | Zot:2    | Killed a Killer Klown
 55518 | Zot:2    | Gained mutation: You occasionally lose the ability to read
                  | scrolls when taking damage. [an orb of fire]
 55519 | Zot:2    | Killed an orb of fire
 55520 | Zot:2    | Reached skill level 15 in Fighting
 55608 | Zot:2    | Reached skill level 15 in Dodging
 55628 | Zot:2    | Reached skill level 18 in Long Blades
 57641 | Zot:5    | Entered Level 5 of the Realm of Zot
 57874 | Zot:5    | Noticed a dread lich
 57879 | Zot:5    | Killed a dread lich
 57884 | Zot:5    | Noticed an orb of fire
 57885 | Zot:5    | Noticed a Killer Klown
 57885 | Zot:5    | Noticed an orb of fire
 57885 | Zot:5    | Noticed an ancient lich
 57885 | Zot:5    | Noticed an orb of fire
 57887 | Zot:5    | Noticed an orb of fire
 57888 | Zot:5    | Noticed an orb of fire
 57888 | Zot:5    | Noticed a Killer Klown
 57888 | Zot:5    | Noticed a dread lich
 57889 | Zot:5    | Killed a Killer Klown
 57889 | Zot:5    | Killed an ancient lich
 57889 | Zot:5    | Noticed an orb of fire
 57889 | Zot:5    | Gained mutation: You sometimes lose the ability to read
                  | scrolls when taking damage. [an orb of fire]
 57890 | Zot:5    | Reached XP level 24. HP: 212/212 MP: 10/46
 57890 | Zot:5    | Killed a dread lich
 57890 | Zot:5    | Killed an orb of fire
 57890 | Zot:5    | Noticed an ancient lich
 57892 | Zot:5    | Gained mutation: You expend magic power (3 MP) to
                  | strengthen your wands. [an orb of fire]
 57894 | Zot:5    | Killed an orb of fire
 57894 | Zot:5    | Killed an orb of fire
 57894 | Zot:5    | Killed a Killer Klown
 57894 | Zot:5    | Killed an orb of fire
 57895 | Zot:5    | Killed an orb of fire
 57895 | Zot:5    | Killed an ancient lich
 57896 | Zot:5    | Reached skill level 19 in Long Blades
 57896 | Zot:5    | Killed an orb of fire
 57981 | Zot:5    | Reached XP level 25. HP: 221/221 MP: 46/46
 58159 | Zot:5    | Noticed a dread lich
 58216 | Zot:5    | Noticed an orb of fire
 58222 | Zot:5    | Killed an orb of fire
 58265 | Zot:5    | Noticed an orb of fire
 58267 | Zot:5    | Gained mutation: You are dopey. (Int -2) [an orb of fire]
 58268 | Zot:5    | Killed an orb of fire
 58271 | Zot:5    | Killed a dread lich
 58441 | Zot:5    | Noticed an orb of fire
 58442 | Zot:5    | Gained mutation: You are weak. (Str -2) [an orb of fire]
 58443 | Zot:5    | Gained mutation: Your body sometimes deteriorates upon
                  | taking damage. [an orb of fire]
 58444 | Zot:5    | Gained mutation: Armour fits poorly on your strangely
                  | shaped body. [an orb of fire]
 58445 | Zot:5    | Killed an orb of fire
 58446 | Zot:5    | Noticed an orb of fire
 58504 | Zot:5    | Killed an orb of fire
 58813 | Depths:3 | Voluntarily entered the Abyss.
 59046 | Depths:3 | Escaped the Abyss
 59048 | Depths:3 | Voluntarily entered the Abyss.
 59315 | Abyss:4  | Got an abyssal rune of Zot
 59335 | Depths:3 | Escaped the Abyss
 59336 | Depths:3 | Lost mutation: You occasionally shout uncontrollably at
                  | your foes. [potion of mutation]
 59336 | Depths:3 | Lost mutation: You are dopey. (Int -2) [potion of mutation]
 59336 | Depths:3 | Lost mutation: You are partially covered in iridescent
                  | scales. (AC +2) [potion of mutation]
 59336 | Depths:3 | Gained mutation: You are frail. (-10% HP) [potion of
                  | mutation]
 59337 | Depths:3 | Lost mutation: You are frail. (-10% HP) [potion of
                  | mutation]
 59337 | Depths:3 | Lost mutation: You expend magic power (3 MP) to strengthen
                  | your wands. [potion of mutation]
 59337 | Depths:3 | Gained mutation: You are partially covered in iridescent
                  | scales. (AC +2) [potion of mutation]
 59337 | Depths:3 | Gained mutation: You are agile. (Dex +4, Str/Int -1)
                  | [potion of mutation]
 59338 | Depths:3 | Lost mutation: Armour fits poorly on your strangely shaped
                  | body. [potion of mutation]
 59338 | Depths:3 | Lost mutation: You are weak. (Str -2) [potion of mutation]
 59338 | Depths:3 | Lost mutation: Potions are less effective at restoring your
                  | health. [potion of mutation]
 59338 | Depths:3 | Gained mutation: Your flesh is cold resistant. (rC+)
                  | [potion of mutation]
 59338 | Depths:3 | Gained mutation: You are somewhat resistant to further
                  | mutation. [potion of mutation]
 59637 | Crypt:1  | Entered Level 1 of the Crypt
 60562 | Crypt:2  | Reached skill level 20 in Long Blades
 60614 | Crypt:2  | Reached XP level 26. HP: 232/232 MP: 43/47
 61131 | Crypt:3  | Entered Level 3 of the Crypt
 61348 | Crypt:3  | Noticed Mennas
 61351 | Crypt:3  | Killed Mennas
 61382 | Crypt:3  | Found a staircase to the Tomb.
 61465 | Crypt:3  | Reached skill level 15 in Spellcasting
 61853 | Crypt:3  | Found the amulet of the Air {Inacc Air Fly rElec RMsl}
 62301 | Slime:1  | Entered Level 1 of the Pits of Slime
 62361 | Slime:5  | Entered Level 5 of the Pits of Slime
 62374 | Slime:5  | Noticed the Royal Jelly
 62380 | Slime:5  | Killed the Royal Jelly
 62422 | Slime:5  | Identified the ring "Morchack" {Fire rPois}
 62428 | Slime:5  | Found the +7 great mace "Undeadhunter" {deathbane, rN+}
 62461 | Slime:5  | Found the amulet of Vitality {Regen++ RegenMP++}
 62470 | Slime:5  | Identified the +3 leather armour of Refuge {Fly rElec rF++
                  | Str-3}
 62481 | Slime:5  | Identified the +1 leather armour of the Tundras {rC+}
 62485 | Slime:5  | Found the +3 Elemental Staff {ele, rElec rF+ rC+ AC+3}
 62496 | Slime:5  | Got a slimy rune of Zot
 62498 | Slime:5  | Got a starry gem with 323 turns to spare
 62655 | Lair:4   | Killed Snorg
 63418 | Pan      | Entered Pandemonium
 63459 | Pan      | Identified the +10 falchion of Infinite Pain {flame, +Blink
                  | Int+3}
 63488 | Pan      | Noticed Fifuysod the pandemonium lord
 63497 | Pan      | Killed Fifuysod the pandemonium lord
 63663 | Pan      | Noticed Kail the pandemonium lord
 63675 | Pan      | Killed Kail the pandemonium lord
 63773 | Pan      | Noticed Puyddadu the pandemonium lord
 63775 | Pan      | Killed Puyddadu the pandemonium lord
 63783 | Pan      | Reached skill level 21 in Long Blades
 63808 | Pan      | Got a demonic rune of Zot
 63874 | Pan      | Noticed Zedonug the pandemonium lord
 63881 | Pan      | Killed Zedonug the pandemonium lord
 63896 | Pan      | Entered the realm of Cerebov.
 63945 | Pan      | Found the +6 sword of Cerebov {flame}
 63945 | Pan      | Noticed Cerebov
 63961 | Pan      | Reached XP level 27. HP: 233/244 MP: 9/49
 63963 | Pan      | Killed Cerebov
 63986 | Pan      | Got a fiery rune of Zot
 64164 | Pan      | Entered the realm of Mnoleg.
 64167 | Pan      | Noticed Mnoleg
 64183 | Pan      | Killed Mnoleg
 64188 | Pan      | Got a glowing rune of Zot
 64415 | Pan      | Noticed Myoclir the pandemonium lord
 64419 | Pan      | Killed Myoclir the pandemonium lord
 64586 | Pan      | Entered the realm of Gloorx Vloq.
 64819 | Pan      | Noticed Gloorx Vloq
 64828 | Pan      | Killed Gloorx Vloq
 64846 | Pan      | Got a dark rune of Zot
 64990 | Pan      | Reached skill level 22 in Long Blades
 65016 | Pan      | Noticed Wiamis the pandemonium lord
 65019 | Pan      | Killed Wiamis the pandemonium lord
 65035 | Pan      | Entered the realm of Lom Lobon.
 65035 | Pan      | Found an exit through the horrors of the Abyss.
 65269 | Pan      | Noticed Lom Lobon
 65282 | Pan      | Killed Lom Lobon
 65284 | Pan      | Got a magical rune of Zot
 65364 | Pan      | Took an exit into the Abyss.
 65364 | Abyss:4  | Escaped into the Abyss
 65455 | Depths:2 | Escaped the Abyss
 65491 | Hell     | Entered the Vestibule of Hell
 65491 | Hell     | Noticed Geryon
 65494 | Hell     | Killed Geryon
 65504 | Hell     | Noticed Murray
 65511 | Hell     | Killed Murray
 65564 | Hell     | Found a gateway to the ashen valley of Gehenna.
 65602 | Geh:1    | Entered Level 1 of Gehenna
 65946 | Geh:7    | Entered Level 7 of Gehenna
 66132 | Geh:7    | Found the +13 sceptre of Asmodeus
 66132 | Geh:7    | Noticed Asmodeus
 66151 | Geh:7    | Killed Asmodeus
 66152 | Geh:7    | Reached skill level 23 in Long Blades
 66159 | Geh:7    | Got an obsidian rune of Zot
 66326 | Hell     | Found a gateway to the freezing wastes of Cocytus.
 66338 | Coc:1    | Entered Level 1 of Cocytus
 66659 | Coc:7    | Entered Level 7 of Cocytus
 66858 | Coc:7    | Paralysed by a wendigo for 1 turns
 66937 | Coc:7    | Noticed Antaeus
 66949 | Coc:7    | Killed Antaeus
 66960 | Coc:7    | Got an icy rune of Zot
 67014 | Hell     | Found a gateway to the decaying netherworld of Tartarus.
 67023 | Tar:1    | Entered Level 1 of Tartarus
 67067 | Tar:4    | Reached skill level 24 in Long Blades
 67287 | Tar:4    | You are sucked into a shaft and drop 2 floors!
 67303 | Tar:7    | Entered Level 7 of Tartarus
 67306 | Tar:7    | Noticed a dread lich
 67308 | Tar:7    | Killed a dread lich
 67419 | Tar:7    | Noticed the Serpent of Hell
 67428 | Tar:7    | Killed the Serpent of Hell
 67449 | Tar:7    | Noticed Ereshkigal
 67454 | Tar:7    | Killed Ereshkigal
 67494 | Tar:7    | Got a bone rune of Zot
 67626 | Hell     | Found a gateway to the Iron City of Dis.
 67635 | Dis:1    | Entered Level 1 of the Iron City of Dis
 67730 | Dis:2    | You are sucked into a shaft and drop 2 floors!
 67820 | Dis:7    | Entered Level 7 of the Iron City of Dis
 68078 | Dis:7    | Noticed a juggernaut
 68084 | Dis:7    | Killed a juggernaut
 68090 | Dis:7    | Noticed Dispater
 68101 | Dis:7    | Killed Dispater
 68109 | Dis:7    | Got an iron rune of Zot
 68110 | Dis:7    | Identified the staff of Roikesm {+Blink rElec rC+ Air}
 68174 | Dis:7    | Reached skill level 25 in Long Blades
 68687 | Tomb:1   | Entered Level 1 of the Tomb of the Ancients
 69601 | Tomb:3   | Entered Level 3 of the Tomb of the Ancients
 69707 | Tomb:3   | Gained mutation: You occasionally shout uncontrollably at
                  | your foes. [a neqoxec]
 69751 | Tomb:3   | Got a sanguine gem with 242 turns to spare
 69754 | Tomb:3   | Got a golden rune of Zot
 70470 | Zot:5    | Got the Orb of Zot
 70593 | Zot:2    | Noticed Eskaff the pandemonium lord
 70595 | Zot:2    | Killed Eskaff the pandemonium lord
 70723 | Depths:1 | Noticed Ytzucos the pandemonium lord
 70734 | Depths:1 | Killed Ytzucos the pandemonium lord
 71066 | D:$      | Escaped with the Orb!

Illustrated notes

Levels and vault maps discovered:
D:1:      matt_arrival_los_fun, layout_basic
D:2:      layout_basic, serial_shops, shop_fountains, grunt_ministairs_14
D:3:      minmay_roachtagon, layout_basic, lemuel_blue_sif_altar,
          chequers_temple_overflow_statue_of_worship, serial_bayou_pond_e
D:4:      kennysheep_spiral_hall, layout_basic
D:5:      nicolae_cairo_tiling_large, layout_rooms, minitemple, serial_shops,
          kennysheep_mini, grunt_ministairs_14, uniq_eustachio, uniq_pikel
D:6:      layout_gridville, nicolae_ru_path_of_blood, dancing_weapons_uskayaw,
          minmay_shop_damaged, amcnicky_altar_lugonu_corruption
D:7:      layout_basic, minmay_temple_entry_proselytizer, serial_shops,
          nicolae_shop_crystal, shop, shop, shop
D:8:      layout_basic, serial_shops, nicolae_shop_tiny_waterfront, uniq_psyche
D:9:      layout_irregular_city
D:10:     layout_layer_cave, serial_library_hellmonk_hallway_b,
          kennysheep_generic_room_11, uniq_harold
D:11:     layout_irregular_city, erik_lair_island,
          kennysheep_orc_monster_closet_entryway, uniq_lodul
D:12:     layout_roguey, uniq_nergalle
D:13:     layout_stronghold, hellmonk_vaults_keyhole, evilmike_minifort
D:14:     kennysheep_green_arena, layout_loops_corners, grunt_qazlal_clouds,
          ebering_ghost_reflecting_pool, uniq_nessos
D:15:     hangedman_depths_entry_try_elsewhere_first, layout_long_grid,
          minmay_splitting_lines, minmay_fountain_box
Lair:1:   layout_roguey, serial_forest, infiniplex_forest_corner_2,
          infiniplex_forest_clump_diagonal, infiniplex_forest_lined_4_way,
          infiniplex_forest_join, infiniplex_forest_lined_2,
          infiniplex_forest_straight_5, serial_bayou_lagoon_a,
          nicolae_quartered_pool_little
Lair:2:   layout_roguey, elwin_shoals_entry_stream, hibernation_bobbens
Lair:3:   layout_gridlike, nicolae_snake_entry_warm_welcome, basic_altar,
          serial_bayou_ford_a, lemuel_fruit_fields
Lair:4:   layout_gridlike, dpeg_slime_entry_corner, uniq_josephine, uniq_snorg
Lair:5:   hangedman_lair_caniforms_friends, layout_layer_cave,
          hangedman_lair_in_review, st_stairs_5, uniq_kirke
Shoals:1: layout_shoals, nicolae_shoals_this_corrosion
Shoals:2: layout_shoals, uniq_ilsuiw
Shoals:3: layout_shoals, serial_shops, nicolae_shop_tiny_glass
Shoals:4: shoals_end_hellmonk_holy_island, uniq_bai_suzhen, uniq_donald
Snake:1:  layout_chambers, serial_shops, nicolae_shop_just_a_little_nook, shop,
          nicolae_shop_statue_plus, uniq_rupert
Snake:2:  layout_gridlike, basic_altar, serial_bayou_lake_a,
          nicolae_triple_integral
Snake:3:  layout_chambers, nicolae_integral_box, uniq_vashnia, uniq_louise,
          uniq_asterion
Snake:4:  grunt_snake_rune_pools, layout_onion_interference,
          portal_ice_cave_entry_pillars_three, special_room, lemuel_fruit_tree,
          uniq_aizul
Slime:1:  layout_caves
Slime:2:  layout_caves
Slime:3:  layout_caves
Slime:4:  layout_caves
Slime:5:  slime_pit_nicolae_amoeboid
Orc:1:    layout_caves, regret_index_minedec_guest_junction
Orc:2:    st_orc_mages, layout_caves, serial_shops, nicolae_square_shop,
          uniq_urug
Elf:1:    eino_elf_arrival_shootout, layout_geoelf_grid,
          nicolae_elf_shapeshifter_party, grunt_megastairs_2
Elf:2:    elven_hall_of_blades_hangedman_alternative
          [nicolae_blade_little_rooms], layout_geoelf_grid
Elf:3:    minmay_elf_hall_hex, layout_onion_city, minmay_shop_star, uniq_norris
Vaults:1: vaults_standard_mumra_lines, v_misc_13, vaults_room_corners,
          nicolae_vaults_thirteen_compartments,
          nicolae_vaults_inception_corners, dpeg_vaults_monster_box,
          nicolae_vaults_layer_cake_slice, nicolae_vaults_heist,
          vaults_room_door_hall, layout_vaults_omnicross, serial_shops,
          bzr_entry_safe
Vaults:2: nicolae_vaults_specimen_jars, nicolae_vaults_closet_pinwheel_3,
          grunt_vaults_focal, hangedman_vaults_snaps,
          vaults_dpeg_emergency_exit, nicolae_vaults_circle_grid_a,
          nicolae_vaults_tetromino_T_1, vaults_mumra_minichess_inversion,
          vaults_room_fours, layout_vaults_omnigrid,
          nicolae_trove_entry_columns, serial_shops, nicolae_shop_behind_doors
Vaults:3: minmay_crypt_entry_vampire_xt, nicolae_vaults_ellipses_ellipsis,
          nicolae_vaults_house_3, hangedman_vaults_restitches,
          nicolae_vaults_theta, nicolae_vaults_angled_halls,
          hangedman_vaults_maws, ontoclasm_vaults_hangar, grunt_vaults_bifocal,
          hangedman_vaults_stretched_pinwheel, nicolae_vaults_little_squares_2,
          v_misc_22, nicolae_vaults_border_crossing, v_misc_25,
          nicolae_vaults_surprise_closet, nicolae_vaults_apartment_2,
          layout_vaults_ring, serial_shops, nicolae_shop_waterfront,
          nicolae_shop_tiny_real_fake_doors, uniq_sojobo
Vaults:4: lemuel_angel_altar, vaults_mumra_hex, vaults_room_large_hall,
          nicolae_vaults_doubleplus_tesselated, vaults_dpeg_encased_lava,
          v_misc_18, ontoclasm_vaults_ring_small,
          nicolae_vaults_frosty_reception, nicolae_vaults_trapezoid_lopsided_3,
          v_rooms_1, layout_vaults_big_room
Vaults:5
Crypt:1:  layout_gridlike, grunt_guarded_unrand_doom_knight
Crypt:2:  layout_regular_city, lemuel_upstairs_altar
Crypt:3:  lightli_unholy_cathedral, layout_chaotic_city,
          tomb_entry_shell_bobbens, uniq_mennas
Tomb:1
Tomb:2
Tomb:3
Depths:1: layout_forbidden_donut, pf_vacation_house_of_asmodeus, serial_bayou,
          serial_bayou_pond_c, serial_bayou_pond_c, serial_bayou_pond_c,
          serial_bayou_crossing, serial_bayou_shore_b, serial_shops,
          nicolae_shop_mannequins, nicolae_shop_peninsula,
          nicolae_shop_just_a_little_nook, lemuel_flamethrower_2
Depths:2: minmay_textured_paths, layout_honeycomb,
          nicolae_hell_entry_big_baal_hell, nicolae_ashenzari_skybound,
          pan_entry
Depths:3: minmay_complete_graph, layout_gridville, enter_ziggurat_b,
          serial_rivers, chequers_serial_rivers_room_b,
          chequers_serial_rivers_micro_d, chequers_serial_rivers_micro_d,
          chequers_serial_rivers_micro_d, chequers_serial_rivers_large_b,
          hell_entry, abyss_entry_glasseish, nrook_uturn,
          infiniplex_staircase_squiggle, uniq_enchantress
Depths:4: evilmike_zot_entry_diamond, layout_cave_shapes, dk_noncrumbling_4,
          abyss_entry_crystal, hell_entry, yredelemnul_altar_generic,
          minmay_shop_grove
Hell
Dis:1:    layout_regular_city, nicolae_dis_strange_trophy_room
Dis:2:    nicolae_dis_hell_of_blades
Dis:4:    layout_regular_city
Dis:5:    layout_subdivisions
Dis:6:    layout_regular_city, nicolae_dis_scattering
Dis:7:    dis_st
Geh:1:    layout_gehenna_lava_caves
Geh:2:    layout_gehenna_pools_triple, gehenna_fire_generator
Geh:3:    layout_gehenna_pools_box
Geh:4:    layout_gehenna_pools_box
Geh:5:    layout_gehenna_pools_triple
Geh:6:    layout_gehenna_lava_caves
Geh:7:    geh_grunt
Coc:1:    layout_ice_bergs
Coc:2:    nicolae_coc_naught_crossing, layout_cocytus_delve
Coc:3:    layout_ice_bergs
Coc:4:    layout_cocytus_delve, nicolae_coc_statues_of_limitations
Coc:5:    layout_ice_bergs
Coc:6:    nicolae_hells_demon_pit, layout_ice_bergs
Coc:7:    coc_dpeg
Tar:1:    layout_grid_maze
Tar:2:    layout_catacombs
Tar:3:    layout_grid_maze, nicolae_tar_cuneiform_sun,
          nicolae_tar_cuneiform_bread
Tar:4:    layout_catacombs, lemuel_nasty_fountain
Tar:6:    layout_catacombs, lemuel_nasty_fountain
Tar:7:    tar_old
Zot:1:    layout_gridlike, regret_index_zotdec_banners
Zot:2:    layout_misc_corridors, regret_index_zotdec_magical_s,
          st_small_dragon_hoard_1
Zot:3:    layout_gridlike, grunt_megastairs_3, uniq_josephina
Zot:4:    layout_basic, regret_index_zotdec_silver_v_v_orig_slice, st_stairs_3
Zot:5:    layout_misc_corridors

Skill      XL: |  1  2  3  4  5  6  7  8  9 10 11 12 13 14 15 16 17 18 19 20 21 22 23 24 25 26 27 |
---------------+----------------------------------------------------------------------------------+-----
Spellcasting   | 2 3 4 5 6 10 12 13 14 16 22 | 22.5
Ice Magic      | 4 5 7 9 10 | 10.0
Throwing       | 1 2 |  2.0
Long Blades    | 1 2 3 4 9 11 13 14 15 16 17 18 19 20 21 25 | 25.6
Dodging        | 2 3 4 6 8 9 10 12 14 16 17 18 19 24 | 24.3
Stealth        | 2 3 5 6 8 9 |  9.0
Fighting       | 2 3 4 6 9 10 12 14 16 17 18 19 24 | 24.3
Armour         | 2 3 |  3.0
Evocations     | 3 5 9 10 | 10.0
Shields        | 2 3 5 |  5.0
Translocations | 3 6 9 12 15 16 | 16.0
Air Magic      | 3 5 9 |  9.0
Shapeshifting  | 7 13 16 | 16.0

Action                     |  1- 3 |  4- 6 |  7- 9 | 10-12 | 13-15 | 16-18 | 19-21 | 22-24 | 25-27 || total
---------------------------+-------+-------+-------+-------+-------+-------+-------+-------+-------++-------
  Melee: Whip              |    15 |       |       |       |       |       |       |       |       ||    15
         Unarmed           |     1 |       |       |       |       |       |    24 |       |       ||    25
         Short sword       |    21 |       |       |       |       |       |       |       |       ||    21
         Falchion          |       |   110 |   118 |       |       |       |       |       |       ||   228
         Scimitar          |       |       |     8 |   165 |   944 |  1622 |   495 |       |       ||  3234
         Staff             |       |       |     7 |    60 |       |       |       |       |       ||    67
         Triple sword      |       |       |       |       |       |       |   546 |   761 |  3100 ||  4407
         Double sword      |       |       |       |       |       |       |    70 |       |       ||    70
  Throw: Boomerang         |     9 |     4 |     5 |     1 |       |       |       |       |       ||    19
         Dart              |       |     7 |     3 |     6 |     5 |       |       |       |     1 ||    22
         Throwing net      |       |       |       |       |     1 |       |       |       |       ||     1
   Cast: Freeze            |    40 |    10 |    10 |    14 |     7 |       |       |       |       ||    81
         Frozen Ramparts   |     6 |    28 |    48 |    62 |    91 |    52 |     8 |       |       ||   295
         Ozocubu's Armour  |       |    10 |    39 |    53 |    74 |    76 |    26 |     2 |       ||   280
         Lesser Beckoning  |       |       |       |       |       |       |     8 |       |       ||     8
         Vhi's Electric Ch |       |       |       |       |       |       |    42 |    78 |   156 ||   276
         Manifold Assault  |       |       |       |       |       |       |    57 |   115 |   642 ||   814
         Blink             |       |       |       |       |       |       |       |       |     3 ||     3
  Evoke: Wand              |       |       |     4 |    51 |    18 |    35 |    22 |     1 |    10 ||   141
         Lightning rod     |       |       |       |       |    10 |    17 |     4 |     1 |       ||    32
         Phial of floods   |       |       |       |       |     1 |     3 |     1 |       |       ||     5
         Sack of spiders   |       |       |       |       |       |     4 |       |       |     2 ||     6
         Phantom mirror    |       |       |       |       |       |       |     1 |       |     1 ||     2
    Use: Scroll            |       |       |    11 |     5 |    12 |    17 |     6 |       |    18 ||    69
         Potion            |       |       |     2 |       |     1 |    13 |     7 |     5 |    31 ||    59
   Stab: Sleeping          |       |     5 |     1 |     6 |    19 |    28 |    18 |     3 |    11 ||    91
         Distracted        |       |       |     1 |       |    10 |    14 |     1 |     2 |     7 ||    35
         Paralysed         |       |       |       |     3 |       |       |       |       |       ||     3
         Petrified         |       |       |       |       |     5 |     2 |       |       |       ||     7
         Invisible         |       |       |       |       |       |    11 |       |       |       ||    11
         Confused          |       |       |       |       |       |       |    10 |       |       ||    10
         Held in net/web   |       |       |       |       |       |       |       |       |     1 ||     1
 Armour: Robe              |    41 |    35 |       |       |       |       |       |       |       ||    76
         Leather armour    |       |    45 |   126 |       |       |       |       |       |       ||   171
         Troll leather arm |       |       |    14 |   185 |   397 |   571 |    82 |       |       ||  1249
         Skin              |       |       |       |       |       |       |   593 |   360 |   568 ||  1521
  Dodge: Dodged            |    50 |    60 |   122 |   338 |   910 |   951 |  1602 |   743 |  2348 ||  7124
  Block: Other             |       |     4 |       |       |       |       |       |       |       ||     4
         Buckler           |       |       |       |    91 |   506 |       |       |       |       ||   597
         Kite shield       |       |       |       |       |   176 |  1864 |   564 |       |       ||  2604
         Reflection        |       |       |       |       |    30 |   153 |    18 |       |       ||   201
   Form: Statue            |       |       |       |       |       |       |     1 |     1 |       ||     2
                           |       |       |       |       |       |       |       |     1 |       ||     1

Table legend: (Time is in decaauts)
 A = Elapsed time spent in this place.
 B = Non-inter-level travel time spent in this place.
 C = Inter-level travel time spent in this place.
 D = Time resting spent in this place.
 E = Time spent auto-exploring this place.
 F = Levels seen in this place.
 G = Mean time per level.
                   A        B        C        D        E       F      G
               +--------+--------+--------+--------+--------+-----+--------+
         Total |  84579 |  72294 |  12285 |   2526 |  44730 | 109 |  776.0 |
       Dungeon |  21233 |  16826 |   4407 |    294 |  13333 |  15 | 1415.5 |
          Lair |   7413 |   6565 |    848 |     33 |   5057 |   5 | 1482.6 |
        Shoals |   3563 |   3269 |    294 |    205 |   1813 |   4 |  890.8 |
     Snake Pit |   5821 |   5607 |    214 |    551 |   3672 |   4 | 1455.2 |
    Slime Pits |    461 |    430 |     31 |      0 |      0 |   5 |   92.2 |
  Orcish Mines |   1881 |   1483 |    398 |    182 |    764 |   2 |  940.5 |
   Elven Halls |   4861 |   4648 |    213 |    367 |   2978 |   3 | 1620.3 |
        Vaults |  11912 |   9481 |   2431 |    838 |   5992 |   5 | 2382.4 |
         Crypt |   3680 |   3254 |    426 |      0 |   2188 |   3 | 1226.7 |
          Tomb |   1849 |   1538 |    311 |     15 |    594 |   3 |  616.3 |
        Depths |   6432 |   5279 |   1153 |      0 |   3222 |   4 | 1608.0 |
          Hell |    384 |    287 |     97 |      0 |      0 |   1 |  384.0 |
           Dis |    927 |    822 |    105 |      0 |     46 |   6 |  154.5 |
       Gehenna |    950 |    816 |    134 |      0 |     91 |   7 |  135.7 |
       Cocytus |    909 |    897 |     12 |      0 |      0 |   7 |  129.9 |
      Tartarus |    807 |    689 |    118 |      0 |    217 |   6 |  134.5 |
           Zot |   6753 |   5667 |   1086 |     36 |   3345 |   5 | 1350.6 |
         Abyss |    892 |    892 |      0 |      0 |    378 |   6 |  148.7 |
   Pandemonium |   2680 |   2680 |      0 |      0 |    462 |  15 |  178.7 |
        Bazaar |    185 |    185 |      0 |      0 |    100 |   1 |  185.0 |
         Trove |     76 |     76 |      0 |      0 |      7 |   1 |   76.0 |
      Ice Cave |    900 |    900 |      0 |      5 |    465 |   1 |  900.0 |
               +--------+--------+--------+--------+--------+-----+--------+

Top non-repeatable levels by time:
Vaults:4: 3071 daAuts
Vaults:3: 2453 daAuts
Vaults:2: 2421 daAuts
   Elf:3: 2361 daAuts
Vaults:1: 2351 daAuts
    D:13: 2333 daAuts
    D:14: 2307 daAuts
  Lair:5: 2014 daAuts
 Snake:4: 1955 daAuts
Depths:2: 1781 daAuts
     D:8: 1735 daAuts
    D:11: 1648 daAuts
Depths:4: 1630 daAuts
Vaults:5: 1614 daAuts
   Zot:5: 1599 daAuts
